 Dungeon Crawl Stone Soup version 0.22-a0-283-g1871b15 (webtiles) character file.

32547 Yoosin the Spear-Bearer (level 13, -1/174 HPs)
             Began as a Minotaur Berserker on Mar 19, 2018.
             Was a High Priest of Trog.
             Slain by a naga warrior
             ... wielding a +0 dire flail
              (15 damage)
             ... on level 2 of the Snake Pit.
             The game lasted 00:55:33 (11959 turns).

Yoosin the Spear-Bearer (Minotaur Berserker)       Turns: 11959, Time: 00:55:34

Health: -1/174     AC: 26    Str: 28    XL:     13   Next: 32%
Magic:  12/12      EV: -1    Int:  8    God:    Trog [*****.]
Gold:   725        SH: 16    Dex: 12    Spells: 12/12 levels left

rFire    . . .     SeeInvis .   L - +9 trident "Muasivi" {elec, -Tele +Rage Int+4 Dex+3}
rCold    . . .     Gourm    .   R - +2 shield
rNeg     + + +     Faith    .   (armour currently unavailable)
rPois    +         Spirit   .   (helmet currently unavailable)
rElec    .         Reflect  .   (cloak currently unavailable)
rCorr    .         Harm     .   (gloves currently unavailable)
MR       .....     NoTele   +   (boots currently unavailable)
Stlth    ++........             F - amulet of the acrobat
HPRegen  0.39/turn              (no ring)
MPRegen  0.13/turn              (no ring)

@: tree-form, berserk cooldown, slowed, constricted, very slow
A: (retaliatory headbutt), screaming 1
a: Berserk, Trog's Hand, Brothers in Arms, Renounce Religion, Evoke Berserk Rage


You were on level 2 of the Snake Pit.
You worshipped Trog.
Trog was extremely pleased with you.
You were very hungry.
You were a tree.
You visited 3 branches of the dungeon, and saw 15 of its levels.

You collected 767 gold pieces.
You spent 42 gold pieces at shops.

Inventory:

Hand Weapons
 a - a +0 mace of electrocution
 b - a +0 blowgun
 p - a +3 hand crossbow
 J - a +0 hunting sling of flaming
 L - the +9 trident "Muasivi" (weapon) {elec, -Tele +Rage Int+4 Dex+3}
   (You found it on level 5 of the Dungeon)

   Occasionally, upon striking a foe, it will discharge some electrical energy
   and cause terrible harm.
   It affects your intelligence (+4).
   It affects your dexterity (+3).
   It lets you go berserk.
   It prevents most forms of teleportation.
Missiles
 g - 103 sling bullets
 t - 29 poisoned needles
 y - 31 tomahawks (quivered)
 K - 122 arrows
Armour
 o - a +2 plate armour of cold resistance (melded)
 A - a +0 plate armour
 D - a +1 troll leather armour {Snorg}
 G - a +0 pair of boots (melded)
 R - a +2 shield (worn)
Jewellery
 q - an uncursed amulet of the gourmand
 z - an uncursed amulet of guardian spirit
 F - an amulet of the acrobat (around neck)
Wands
 n - a wand of acid (9)
 r - a wand of random effects (40)
 w - a wand of digging (13)
 B - a wand of polymorph (15)
 M - a wand of iceblast (45)
Scrolls
 d - 8 scrolls of remove curse
 e - 9 scrolls of teleportation
 f - a scroll of brand weapon
 h - 3 scrolls of enchant armour
 k - 2 scrolls of identify
 m - a scroll of magic mapping
 C - a scroll of enchant weapon
 I - a scroll of blinking
 N - a scroll of fog
Potions
 i - a potion of lignification
 j - a potion of brilliance
 l - 4 potions of mutation
 s - 2 potions of curing
 v - a potion of haste
 x - a potion of might
 H - a potion of agility
 P - 2 potions of resistance
 Q - a potion of magic
Miscellaneous
 O - a phantom mirror
Comestibles
 c - 22 rations


   Skills:
 + Level 11.5 Fighting
 + Level 9.4 Maces & Flails
 + Level 14.2 Polearms
 + Level 12.1 Armour
 + Level 4.6 Dodging
 + Level 1.6 Stealth
 + Level 12.7 Shields


You had 12 spell levels left.
You didn't know any spells.

Dungeon Overview and Level Annotations

Branches:
Dungeon (11/15)            Temple (0/1) D:7            Lair (2/6) D:11
 Shoals (0/4) Lair:2        Snake (2/4) Lair:2
    Orc: D:9-12

Altars:
Dithmenos
Elyvilon
Gozag
Qazlal
Ru
Vehumet
Wu Jian
Yredelemnul
Zin

Shops:
D:8 !   Snake:1 [

Annotations:
Snake:1 exclusion: oklob plant


Innate Abilities, Weirdness & Mutations

((You reflexively headbutt those who attack you in melee.))
((You have a pair of horns on your head.))
((Your flesh is cold resistant. (rC+)))
You occasionally shout uncontrollably at your foes.


Message History

The naga mage hits you but does no damage.
You hit the naga. Lightning courses through the naga!
The naga is severely wounded.
You feel sick.
You block the guardian serpent's attack.
The naga hits you but does no damage. The naga constricts you.
The naga hits you from afar with a trident.
* * * LOW HITPOINT WARNING * * *
You block the guardian serpent's attack.
You feel better.
The naga warrior hits you with a dire flail!
* * * LOW HITPOINT WARNING * * *
The naga spits poison at you. The splash of poison hits you! You resist.
The guardian serpent hits you.
* * * LOW HITPOINT WARNING * * *
You block the naga's attack. You block the naga mage's attack.
The naga hits you but does no damage. The naga constricts you.
The naga hits you but does no damage.
The naga warrior hits you with a dire flail!
You die...

#..#...........
...#........)#
.....N.)..#
.........####
.......#..#.#
..#.....)#.#
##..⌠.NSN.##
#.....SSNN.##
..⌠$..SN♣N⌠.#
.......N...##
#.$⌠...⌠.##
........##
#########


You could see 2 naga warriors, a naga ritualist, a mana viper, a guardian
serpent, 2 black mambas, a naga mage and 4 nagas.

Vanquished Creatures
  Aizul (Snake:1)
  Snorg (D:11)
  A catoblepas (D:11)
  6 anacondas (Snake:1)
  3 naga warriors
  4 two-headed ogres
  Urug (D:10)
  Nergalle (D:10)
  4 naga sharpshooters (Snake:1)
  2 naga ritualists (Snake:1)
  An elephant (D:11)
  8 black mambas
  A centaur zombie (D:10)
  4 naga magi (Snake:1)
  A queen bee (D:8)
  2 hornets (D:11)
  7 hippogriffs
  The ghost of Papajoes the Gusty, an amateur GrAE (D:5)
  2 wyverns (D:11)
  9 yaks
  2 basilisks
  Menkaure (D:5)
  8 nagas
  Edmund (D:6)
  9 porcupines
  5 sky beasts
  5 orc warriors
  2 phantoms (D:9)
  3 ice beasts
  7 ogres
  3 centaurs
  2 wolves (Lair:2)
  3 crocodiles
  A big kobold (D:4)
  5 bullfrogs
  A gnoll sergeant (D:7)
  5 scorpions
  20 killer bees (D:8)
  14 wights
  A howler monkey (D:5)
  7 crimson imps
  2 bullfrog zombies
  A quasit (D:9)
  Crazy Yiuf (D:6)
  6 hounds
  4 bullfrog skeletons
  7 orc priests
  A jelly (D:10)
  Jessica (D:2)
  3 centaur skeletons
  7 orc wizards
  Natasha (thrice) (D:3)
  8 worker ants
  2 hound zombies
  A hound skeleton (D:4)
  A howler monkey zombie (D:5)
  2 worker ant zombies (D:5)
  8 gnolls
  7 adders
  3 shadow imps
  2 adder skeletons
  An adder zombie (D:9)
  A worm (D:2)
  7 leopard geckos
  50 orcs
  2 ball pythons
  6 giant cockroaches
  6 goblins
  9 hobgoblins
  5 jackals
  32 kobolds
  6 quokkas
  6 bats
  2 frilled lizards
  A giant cockroach zombie (D:6)
  A leopard gecko zombie (D:7)
  4 rats
  2 fungi (D:6)
  2 plants (D:4)
378 creatures vanquished.

Notes
Turn   | Place    | Note
-------+----------+-------------------------------------------
     0 | D:1      | Yoosin the Minotaur Berserker began the quest for the Orb.
     0 | D:1      | Reached XP level 1. HP: 19/19 MP: 0/0
   212 | D:1      | Reached XP level 2. HP: 26/27 MP: 1/1
  1146 | D:2      | Reached XP level 3. HP: 33/33 MP: 2/2
  1239 | D:2      | Found an opulent altar of Gozag.
  1354 | D:2      | Noticed Jessica
  1362 | D:2      | Killed Jessica
  1362 | D:2      | Reached XP level 4. HP: 38/41 MP: 3/3
  1512 | D:2      | Reached ** piety under Trog
  1767 | D:3      | Noticed Natasha
  1771 | D:3      | Killed Natasha
  1771 | D:3      | Reached skill level 5 in Maces & Flails
  1915 | D:3      | Reached skill level 5 in Fighting
  1915 | D:3      | Reached XP level 5. HP: 40/48 MP: 4/4
  2175 | D:3      | Noticed Natasha
  2181 | D:3      | Killed Natasha
  2181 | D:3      | Reached skill level 1 in Stealth
  2411 | D:3      | Noticed Natasha
  2415 | D:3      | Killed Natasha
  2441 | D:3      | Found a faded altar of an unknown god.
  2443 | D:3      | Reached XP level 6. HP: 56/56 MP: 5/5
  2650 | D:4      | Reached *** piety under Trog
  2847 | D:4      | Reached XP level 7. HP: 62/62 MP: 6/6
  3430 | D:5      | Entered Level 5 of the Dungeon
  3452 | D:5      | Found a radiant altar of Vehumet.
  3457 | D:5      | Noticed Menkaure
  3464 | D:5      | Killed Menkaure
  3570 | D:5      | Noticed Papajoes's ghost (amateur GrAE)
  3579 | D:5      | Killed Papajoes's ghost
  3579 | D:5      | Reached skill level 5 in Armour
  3628 | D:5      | Reached XP level 8. HP: 36/70 MP: 7/7
  3839 | D:5      | Reached **** piety under Trog
  3871 | D:5      | Got a bloodstained trident
  4091 | D:5      | Identified the +9 trident "Muasivi" {elec, -Tele +Rage Int+4 Dex+3} (You found it on level 5 of the Dungeon)
  4140 | D:5      | Gained mutation: You occasionally shout uncontrollably at your foes. [potion of mutation]
  4140 | D:5      | Gained mutation: Your flesh is cold resistant. (rC+) [potion of mutation]
  4320 | D:6      | Reached skill level 1 in Polearms
  4371 | D:6      | Found a white marble altar of Elyvilon.
  4383 | D:6      | Reached skill level 2 in Polearms
  4383 | D:6      | Reached skill level 1 in Shields
  4561 | D:6      | Noticed Edmund
  4569 | D:6      | Killed Edmund
  4569 | D:6      | Reached skill level 3 in Polearms
  4613 | D:6      | Reached skill level 4 in Polearms
  4727 | D:6      | Found a runed door.
  4731 | D:6      | Noticed Crazy Yiuf
  4735 | D:6      | Killed Crazy Yiuf
  5086 | D:7      | Reached XP level 9. HP: 78/78 MP: 8/8
  5245 | D:7      | Reached ***** piety under Trog
  5273 | D:7      | Found a staircase to the Ecumenical Temple.
  5282 | D:7      | Reached skill level 5 in Polearms
  5426 | D:7      | Found an ornate altar of the Wu Jian Council.
  5427 | D:7      | Reached skill level 6 in Polearms
  5632 | D:7      | Found a basalt altar of Yredelemnul.
  5661 | D:7      | Reached skill level 5 in Shields
  5668 | D:7      | Reached skill level 7 in Polearms
  5853 | D:8      | Found a shadowy altar of Dithmenos.
  5879 | D:8      | Received a gift from Trog
  5921 | D:8      | Reached skill level 8 in Polearms
  5921 | D:8      | Reached XP level 10. HP: 57/88 MP: 9/9
  5934 | D:8      | Found Lesixos's Distillery.
  5943 | D:8      | Bought a potion of curing for 42 gold pieces
  6211 | D:8      | Reached skill level 9 in Polearms
  6405 | D:8      | Noticed a two-headed ogre
  6412 | D:8      | Killed a two-headed ogre
  6494 | D:8      | Found a stormy altar of Qazlal.
  6820 | D:9      | Found a glowing silver altar of Zin.
  7039 | D:9      | Reached skill level 10 in Polearms
  7051 | D:9      | Found a stormy altar of Qazlal.
  7108 | D:9      | Noticed a two-headed ogre
  7116 | D:9      | Killed a two-headed ogre
  7204 | D:9      | Found a sacrificial altar of Ru.
  7286 | D:9      | Noticed a two-headed ogre
  7296 | D:9      | Killed a two-headed ogre
  7296 | D:9      | Reached XP level 11. HP: 87/97 MP: 10/10
  7483 | D:10     | Entered Level 10 of the Dungeon
  7736 | D:10     | Reached skill level 11 in Polearms
  7826 | D:10     | Noticed Nergalle
  7839 | D:10     | Killed Nergalle
  8072 | D:10     | Noticed Urug
  8084 | D:10     | Killed Urug
  8331 | D:11     | Noticed a catoblepas
  8348 | D:11     | Killed a catoblepas
  8348 | D:11     | Reached skill level 10 in Fighting
  8348 | D:11     | Reached skill level 12 in Polearms
  8441 | D:11     | Noticed a two-headed ogre
  8447 | D:11     | Killed a two-headed ogre
  8458 | D:11     | Found a staircase to the Lair.
  8477 | D:11     | Reached skill level 10 in Shields
  8850 | D:11     | Noticed Snorg
  8858 | D:11     | Killed Snorg
  8858 | D:11     | Reached XP level 12. HP: 100/107 MP: 11/11
  9025 | Lair:1   | Entered Level 1 of the Lair of Beasts
  9206 | Lair:1   | Reached ****** piety under Trog
  9780 | Lair:2   | Found a staircase to the Shoals.
  9839 | Lair:2   | Reached skill level 13 in Polearms
  9945 | Lair:2   | Found a staircase to the Snake Pit.
  9957 | Snake:1  | Entered Level 1 of the Snake Pit
  9960 | Snake:1  | Noticed Aizul
  9974 | Snake:1  | Killed Aizul
  9974 | Snake:1  | Reached skill level 10 in Armour
 10214 | Snake:1  | Noticed an anaconda
 10215 | Snake:1  | Noticed an anaconda
 10232 | Snake:1  | Killed an anaconda
 10241 | Snake:1  | Killed an anaconda
 10241 | Snake:1  | Received a gift from Trog
 10263 | Snake:1  | Noticed an anaconda
 10271 | Snake:1  | Killed an anaconda
 10624 | Snake:1  | Noticed an anaconda
 10633 | Snake:1  | Killed an anaconda
 10670 | Snake:1  | Noticed an anaconda
 10679 | Snake:1  | Killed an anaconda
 10723 | Snake:1  | Found Zeofuemp's Distillery.
 10723 | Snake:1  | Found Sataoruat's Antique Armour Emporium.
 10734 | Snake:1  | Reached XP level 13. HP: 31/116 MP: 12/12
 11092 | Snake:1  | Reached skill level 14 in Polearms
 11959 | Snake:2  | Slain by a naga warrior

Vault maps used:
D:1:      lightli_arrival_farm
D:2:      grunt_gozag_statues, first_ration, uniq_jessica
D:3:      chequers_ecumenical_altar_simple, uniq_natasha
D:4:      kennysheep_kobold_camp
D:5:      basic_altar, hangedman_decor_opposing, uniq_menkaure
D:6:      corexii_shack_village, old_standard_altar, uniq_crazy_yiuf_cottage,
          uniq_edmund
D:7:      old_standard_altar, lemuel_crystal_altar, minmay_temple_entry_glass
D:8:      lemuel_doored_altar, serial_shops, shop, david_nohive_1,
          david_defended_altar_elf
D:9:      nicolae_qazlal_general_emergency, marbit_many_paths,
          old_standard_altar
D:10:     uniq_nergalle, uniq_urug
D:11:     david_lair_generic, uniq_snorg
Lair:1:   beast_lair_carwin_8
Lair:2:   shoals_dummy_entry, guppyfry_snake_entry_garden, minmay_holes,
          lemuel_fruit_fields
Snake:1:  dpeg_oklob_gauntlet, minmay_shoptagon, uniq_aizul
Snake:2:  grunt_ministairs_2, grunt_megastairs_2

Skill      XL: |  1  2  3  4  5  6  7  8  9 10 11 12 13 |
---------------+----------------------------------------+-----
Maces & Flails | 4 5 7 8 9 |  9.4
Fighting       | 4 5 6 8 9 10 11 | 11.5
Dodging        | 3 4 |  4.6
Stealth        | 1 |  1.6
Armour         | 3 5 6 7 8 9 11 12 | 12.1
Polearms       | 4 8 10 12 13 14 | 14.2
Shields        | 3 5 8 10 12 | 12.7

Action                   |  1- 3 |  4- 6 |  7- 9 | 10-12 | 13-15 || total
-------------------------+-------+-------+-------+-------+-------++-------
Melee: Mace              |    52 |   148 |    85 |       |       ||   285
       Headbutt          |     3 |    18 |    68 |    89 |    17 ||   195
       Trident           |       |       |   223 |   442 |    61 ||   726
Invok: Berserk           |       |     4 |     5 |     9 |     2 ||    20
  Use: Scroll            |       |       |    12 |     1 |     4 ||    17
       Potion            |       |       |     8 |     5 |     4 ||    17
 Stab: Sleeping          |     1 |       |       |       |       ||     1
  Eat: Chunk             |       |     9 |    11 |    14 |     2 ||    36
       Ration            |       |       |     2 |     2 |     1 ||     5
Armor: Animal skin       |    18 |     3 |       |       |       ||    21
       Chain mail        |       |    80 |    90 |       |       ||   170
       Plate armour      |       |       |    29 |   148 |    15 ||   192
       Skin              |       |       |       |       |    18 ||    18
Dodge: Dodged            |    47 |    73 |    79 |   140 |    25 ||   364
Block: Shield            |       |       |   100 |   283 |    69 ||   452

Table legend:
 A = Spawn XP
 B = Non-spawn XP
 C = Spawn XP percentage of total XP
 D = Spawn monster count
 E = Non-spawn monster count
 F = Spawn count percentage of total count
 G = Total turns spent on level
                    A         B        C        D         E        F      G
               +---------+---------+-------+---------+---------+-------+---------
         Total |       0 |   46496 |   0.0 |       0 |     374 |   0.0 | 11959
               +---------+---------+-------+---------+---------+-------+---------
           D:1 |       0 |      35 |   0.0 |       0 |      20 |   0.0 |   651
           D:2 |       0 |      83 |   0.0 |       0 |      16 |   0.0 |  1115
           D:3 |       0 |     292 |   0.0 |       0 |      29 |   0.0 |   777
           D:4 |       0 |     543 |   0.0 |       0 |      36 |   0.0 |   887
           D:5 |       0 |     577 |   0.0 |       0 |      12 |   0.0 |   814
           D:6 |       0 |    1144 |   0.0 |       0 |      46 |   0.0 |   837
           D:7 |       0 |    2064 |   0.0 |       0 |      37 |   0.0 |   769
           D:8 |       0 |    3656 |   0.0 |       0 |      42 |   0.0 |   825
           D:9 |       0 |    3474 |   0.0 |       0 |      36 |   0.0 |   808
          D:10 |       0 |    4708 |   0.0 |       0 |      28 |   0.0 |   662
          D:11 |       0 |    5833 |   0.0 |       0 |      20 |   0.0 |   880
        Lair:1 |       0 |    1566 |   0.0 |       0 |      10 |   0.0 |   731
        Lair:2 |       0 |    1531 |   0.0 |       0 |       8 |   0.0 |   201
       Snake:1 |       0 |   18563 |   0.0 |       0 |      31 |   0.0 |  1973
       Snake:2 |       0 |    2427 |   0.0 |       0 |       3 |   0.0 |    29
               +---------+---------+-------+---------+---------+-------+---------
